 Dungeon Crawl Stone Soup version 0.30-a0-1112-gfb780f5df6 (webtiles) character file.

Game seed: 7330338279322783592

795 demibob the Ruffian (level 7, -2/48 HPs)
             Began as a Demonspawn Wanderer on Apr 19, 2023.
             Slain by an ogre
             ... wielding a +0 giant spiked club
              (13 damage)
             ... on level 6 of the Dungeon.
             The game lasted 00:05:52 (4693 turns).

demibob the Ruffian (Demonspawn Wanderer)           Turns: 4693, Time: 00:05:53

Health: -2/48      AC:  9    Str: 16    XL:     7   Next: 58%
Magic:  10/10      EV: 11    Int: 18    God:
Gold:   319        SH:  0    Dex: 12    Spells: 9/10 levels left

rFire   + . .      SeeInvis .      - Unarmed
rCold   . . .      Faith    .    (no shield)
rNeg    . . .      Spirit   .    i - +2 ring mail {rF+}
rPois   .          Reflect  .    (no helmet)
rElec   .          Rampage  .    c - scarf {repulsion}
rCorr   .                        (no gloves)
Will    +....                    (no boots)
Stlth   +                        (no amulet)
HPRegen 0.28/turn                W - ring of willpower
MPRegen 0.12/turn                I - +6 ring of intelligence

@: repel missiles
A: claws 2, icy blue scales 1, spiny 1
a: no special abilities


You were on level 6 of the Dungeon.
You visited 1 branch of the dungeon, and saw 6 of its levels.

You collected 319 gold pieces.


Innate Abilities, Weirdness & Mutations

You have very sharp fingernails.
You are partially covered in icy blue scales. (AC +2)
You are partially covered in sharp spines.


   Skills:
 - Level 1.0 Fighting
 - Level 3.1 Maces & Flails
 - Level 2.4 Armour
 - Level 1.7 Dodging
 - Level 1.0 Stealth
 * Level 6.6 Unarmed Combat
 - Level 2.0 Spellcasting
 - Level 1.0 Fire Magic
 - Level 1.2 Invocations


You had 9 spell levels left.
You knew the following spells:

 Your Spells              Type           Power      Damage    Failure   Level
f - Foxfire               Conj/Fire      12%        2x1d4     26%         1

Your spell library contained the following spells:

 Spells                   Type           Power      Damage    Failure   Level
 Volatile Blastmotes      Fire/Tloc      6%         2d10      63%         3
 Passage of Golubria      Tloc           1%         N/A       97%         4
 Silence                  Hex/Air        0%         N/A       100%        5
 Simulacrum               Ice/Necr       0%         N/A       100%        6
 Ozocubu's Refrigeration  Ice            0%         4d7       100%        7
 Lehudib's Crystal Spear  Conj/Erth      0%         10d2      100%        8
 Polar Vortex             Ice            0%         N/A       100%        9

Inventory:

Hand Weapons
 a - a +2 mace
Missiles
 n - a throwing net {=f}
Armour
 c - a scarf of repulsion (worn)
 i - a +2 ring mail of fire resistance (worn)
 p - a +0 pair of boots
Jewellery
 F - a ring of fire
 I - a +6 ring of intelligence (right claw)
 N - a ring of positive energy
 R - a ring of resist corrosion
 W - a ring of willpower (left claw)
Wands
 j - a wand of digging (3)
Scrolls
 e - 2 scrolls of blinking
 f - 3 scrolls of fog
 g - a scroll of vulnerability
Potions
 b - 2 potions of heal wounds {@q2}
 d - 2 potions of brilliance
 h - a potion of flight
 k - a potion of degeneration
 o - a potion of lignification {unknown}
 q - 2 potions of curing {@q1}
 r - 2 potions of invisibility
 s - 2 potions of berserk rage {!q}
 t - a potion of magic

Dungeon Overview and Level Annotations

Branches:
Dungeon (6/15)
 Temple: D:4-7

Altars:

Shops:
D:3 (

Annotations:
D:4 Eustachio

##.####.#.#.......
#....##.#.#.....#.
#....##.#.#.....##
#....##.#.#....#.#
#....##.# #....#.#
##.#....# ######.#
#.#....# # ###
##)#....#.# .
#.#@.†)...#.#### .
#.O............. .
#.#.........####
#................
#..#.....#)......
#.##.........#$..
#. #.............
# #.....#.#.#...
#.#####.....#.


You could see an ogre.


Message History

You claw the orc!
You kill the orc!
You scratch the orc but do no damage. You scratch the orc.
The orc is almost dead.
The orc is struck by your spines.
You kill the orc!
Items here: ))) †††.
You start resting.
An ogre comes into view. It is wielding a +0 giant spiked club.
The ogre misses you.
You barely miss the ogre. The ogre is struck by your spines.
The ogre closely misses you.
You barely miss the ogre.
The ogre is moderately wounded.
You scratch the ogre.
The ogre is moderately wounded.
The ogre closely misses you.
You scratch the ogre.
The ogre is heavily wounded.
You scratch the ogre.
The ogre is severely wounded.
The ogre hits you with a +0 giant spiked club!!
* * * LOW HITPOINT WARNING * * *
You are too injured to fight recklessly!
You barely miss the ogre.
The ogre is severely wounded.
The ogre is struck by your spines.
The ogre hits you with a +0 giant spiked club!
You die...

Skill      XL: |  1  2  3  4  5  6  7 |
---------------+----------------------+-----
Maces & Flails | 2 3 |  3.1
Armour         | 1 2 |  2.4
Unarmed Combat | 1 2 3 5 6 |  6.6
Fighting       | |  1.0
Dodging        | |  1.7
Stealth        | |  1.0
Spellcasting   | |  2.0
Fire Magic     | |  1.0
Invocations    | |  1.2

Action                     |  1- 3 |  4- 6 |  7- 9 || total
---------------------------+-------+-------+-------++-------
  Melee: Mace              |    81 |   122 |       ||   203
         Punch             |     1 |     5 |     2 ||     8
         Unarmed           |       |    26 |    28 ||    54
   Cast: Foxfire           |     2 |     3 |     1 ||     6
    Use: Potion            |     1 |     3 |       ||     4
         Scroll            |       |    10 |     4 ||    14
   Stab: Sleeping          |     1 |       |       ||     1
 Armour: Leather armour    |     9 |       |       ||     9
         Ring mail         |    26 |    40 |     5 ||    71
  Dodge: Dodged            |    58 |    86 |     9 ||   153

Levels and vault maps discovered:
D:1:      heliophobic_arrival_glass_houses, layout_basic
D:2:      layout_basic, nicolae_kite_square_tiling_tiny, st_stairs_7,
          dreamdust_wishing_well, uniq_terence, uniq_natasha
D:3:      layout_loops_ring, serial_shops, nicolae_shop_hallway_stairs,
          kennysheep_cross_bottleneck, kennysheep_generic_room_3
D:4:      layout_basic, uniq_edmund, uniq_eustachio
D:5:      layout_layer_cave
D:6:      layout_basic, serial_shops, shop, minmay_misc_feat_tower

Notes
Turn   | Place    | Note
-------+----------+-------------------------------------------
     0 | D:1      | demibob the Demonspawn Wanderer began the quest for the
                  | Orb.
     0 | D:1      | demibob set off with the following items: a +2 mace, a +0
                  | cloak, a scroll of teleportation {@r2}, a +0 leather
                  | armour; and the following spell memorised: Foxfire; and the
                  | following spells available to memorise: Volatile
                  | Blastmotes.
     0 | D:1      | Reached XP level 1. HP: 15/15 MP: 3/3
    58 | D:1      | Reached skill level 2 in Maces & Flails
   136 | D:1      | Gained mutation: You have sharp fingernails. [demonic
                  | ancestry]
   136 | D:1      | Reached XP level 2. HP: 14/21 MP: 5/5
   380 | D:1      | Reached skill level 3 in Maces & Flails
   404 | D:1      | Gained mutation: You have very sharp fingernails. [demonic
                  | ancestry]
   404 | D:1      | Reached XP level 3. HP: 21/26 MP: 6/6
   882 | D:2      | Noticed Terence
   895 | D:2      | Killed Terence
   896 | D:2      | Reached skill level 1 in Armour
   896 | D:2      | Reached skill level 1 in Unarmed Combat
  1172 | D:2      | Gained mutation: You are partially covered in sharp spines.
                  | [demonic ancestry]
  1172 | D:2      | Reached XP level 4. HP: 28/32 MP: 7/7
  1499 | D:2      | Noticed Natasha
  1507 | D:2      | Killed Natasha
  1508 | D:2      | Reached skill level 2 in Unarmed Combat
  1658 | D:2      | Noticed Natasha
  1670 | D:2      | Killed Natasha
  1671 | D:2      | Gained mutation: You are partially covered in icy blue
                  | scales. (AC +2) [demonic ancestry]
  1671 | D:2      | Reached XP level 5. HP: 19/37 MP: 8/8
  1698 | D:2      | Noticed Natasha
  1707 | D:2      | Killed Natasha
  1708 | D:2      | Reached skill level 2 in Armour
  1846 | D:3      | Reached skill level 3 in Unarmed Combat
  2221 | D:3      | Found Maan's Antique Weapon Shoppe.
  2557 | D:4      | Reached XP level 6. HP: 43/43 MP: 9/9
  2636 | D:4      | Reached skill level 4 in Unarmed Combat
  2711 | D:4      | Noticed Eustachio
  2932 | D:4      | Noticed Edmund
  2962 | D:4      | HP: 2/43 [Edmund/+1 flail of pain (9)]
  2963 | D:4      | Killed Edmund
  3163 | D:4      | Reached skill level 5 in Unarmed Combat
  3463 | D:5      | Entered Level 5 of the Dungeon
  3587 | D:5      | Reached XP level 7. HP: 40/48 MP: 10/10
  3999 | D:5      | Reached skill level 6 in Unarmed Combat
  4693 | D:6      | Slain by an ogre

Vanquished Creatures
  Edmund (D:4)
  2 ogres
  A howler monkey (D:6)
  3 hounds
  3 jellies
  2 sleepcaps (D:4)
  Natasha (thrice) (D:2)
  Terence (D:2)
  4 adders
  2 worms
  4 dart slugs
  15 orcs
  4 ball pythons
  6 bats
  8 endoplasms
  2 giant cockroaches
  9 goblins
  4 hobgoblins
  4 jackals (D:3)
  4 kobolds
  4 quokkas
  A frilled lizard (D:1)
  6 rats
93 creatures vanquished.

Vanquished Creatures (others)
  10 foxfires
10 creatures vanquished.

Grand Total: 103 creatures vanquished

Table legend: (Time is in decaauts)
 A = Elapsed time spent in this place.
 B = Non-inter-level travel time spent in this place.
 C = Inter-level travel time spent in this place.
 D = Time resting spent in this place.
 E = Time spent auto-exploring this place.
 F = Levels seen in this place.
 G = Mean time per level.
                   A        B        C        D        E       F      G
               +--------+--------+--------+--------+--------+-----+--------+
         Total |   4735 |   4599 |    136 |    355 |   3580 |   6 |  789.2 |
       Dungeon |   4735 |   4599 |    136 |    355 |   3580 |   6 |  789.2 |
               +--------+--------+--------+--------+--------+-----+--------+

Top non-repeatable levels by time:
     D:5: 1087 daAuts
     D:2: 954 daAuts
     D:4: 929 daAuts
     D:1: 857 daAuts
     D:3: 769 daAuts
     D:6: 137 daAuts

Table legend:
 A = Non-vault XP
 B = Vault XP
 C = Vault XP percentage of total XP
 D = Non-vault monster count
 E = Vault monster count
 F = Vault count percentage of total count
                 A         B        C        D         E       F
            +---------+---------+-------+---------+---------+-------
      Total |     898 |     238 |  21.0 |      88 |       5 |   5.4
            +---------+---------+-------+---------+---------+-------
        D:1 |      43 |       0 |   0.0 |      25 |       0 |   0.0
        D:2 |     131 |      69 |  34.5 |      15 |       3 |  16.7
        D:3 |      86 |       3 |   3.4 |      17 |       1 |   5.6
        D:4 |     186 |     166 |  47.2 |      14 |       1 |   6.7
        D:5 |     270 |       0 |   0.0 |      11 |       0 |   0.0
        D:6 |     182 |       0 |   0.0 |       6 |       0 |   0.0
            +---------+---------+-------+---------+---------+-------
